 Dungeon Crawl Stone Soup version 0.29.1-1-gd02db6906a (webtiles) character file.

Game seed: 16415449754431318498

1 vvl the Stinger (level 1, 0/13 HPs)
             Began as a Demonspawn Venom Mage on Sept 28, 2022.
             Killed from afar by a dart slug (5 damage)
             ... with a slug dart
             ... on level 1 of the Dungeon.
             The game lasted 00:00:28 (56 turns).

vvl the Stinger (Demonspawn Venom Mage)               Turns: 56, Time: 00:00:30

Health: 0/13       AC:  2    Str:  8    XL:     1   Next: 16%
Magic:  0/3        EV: 12    Int: 16    God:
Gold:   28         SH:  0    Dex: 13    Spells: 3/4 levels left

rFire   . . .      SeeInvis .   (no weapon)
rCold   . . .      Faith    .   (no shield)
rNeg    . . .      Spirit   .   a - +0 robe
rPois   .          Reflect  .   (no helmet)
rElec   .          Harm     .   (no cloak)
rCorr   .          Rampage  .   (no gloves)
Will    .....                   (no boots)
Stlth   ++........              (no amulet)
HPRegen 0.04/turn               (no ring)
MPRegen 0.08/turn               (no ring)

@: no status effects
A: no striking features
a: no special abilities


You were on level 1 of the Dungeon.
You visited 1 branch of the dungeon, and saw 1 of its levels.

You collected 28 gold pieces.

Inventory:

Armour
 a - a +0 robe (worn)
Jewellery
 c - a ring of flight
Scrolls
 d - a scroll of immolation {unknown}
Potions
 b - a potion of magic


   Skills:
 + Level 0.1 Fighting
 + Level 1.7 Dodging
 + Level 1.8 Stealth
 + Level 2.0 Spellcasting
 + Level 0.0 Conjurations
 + Level 0.8 Transmutations
 + Level 3.0 Poison Magic


You had 3 spell levels left.
You knew the following spells:

 Your Spells              Type           Power      Damage    Failure   Level
a - Sting                 Tmut/Pois      28%        1d4       10%         1

Your spell library contained the following spells:

 Spells                   Type           Power      Damage    Failure   Level
 Poisonous Vapours        Pois/Air       12%        N/A       17%         2
 Mephitic Cloud           Conj/Pois/Air  4%         N/A       38%         3
 Olgreb's Toxic Radiance  Pois           11%        N/A       52%         4


Dungeon Overview and Level Annotations

Branches:
Dungeon (1/15)

Altars:


Message History

You are very lightly contaminated with residual magic.
Nothing appears to happen.
A bat comes into view.
A hobgoblin comes into view.
The kobold misses you.
The sting hits the kobold.
The kobold is poisoned.
The kobold is moderately wounded.
The kobold misses you.
You kill the kobold!
The bat closely misses you. The bat attacks as you move away! The bat hits you.
The bat barely misses you. The bat hits you but does no damage.
You closely miss the bat. The bat closely misses you.
You closely miss the bat. The bat hits you but does no damage.
Your magical contamination has completely faded away.
The bat closely misses you.
You barely miss the bat. The bat misses you.
You hit the bat.
The bat is severely wounded.
The bat hits you. The bat misses you.
You hit the bat.
You kill the bat!
The dart slug launches a dart at you. The slug dart hits you.
The dart slug completely misses you.
You see here a bat corpse.
You hit the dart slug.
The dart slug is lightly wounded.
You hit the dart slug but do no damage.
The dart slug is lightly wounded.
The dart slug bites you.
Casting: Sting (safe; 10% risk of failure)
Confirm with . or Enter, or press ? or * to list all spells.
Aiming: Sting (safe; 10% risk of failure)
Press: ? - help, Shift-Dir - straight line, f - dart slug
Aim: a dart slug (lightly wounded, 100% to hit)
The sting hits the dart slug.
The dart slug is poisoned.
The dart slug is heavily wounded.
The dart slug launches a dart at you. The slug dart hits you.
You die...

####### ......# ......#
......# . ......######
... ...........#### #....
......####....#####......
......# ####...@wg.#
......# ######)## ~.....#
#.# ~###### #.# ≈≈# #.#
≈≈≈ ... # #.. .#


You could see a dart slug (poisoned) and a hobgoblin.

Vanquished Creatures
  A bat (D:1)
  A kobold (D:1)
2 creatures vanquished.

Notes
Turn   | Place    | Note
-------+----------+-------------------------------------------
     0 | D:1      | vvl the Demonspawn Venom Mage began the quest for the Orb.
     0 | D:1      | Reached XP level 1. HP: 13/13 MP: 3/3
    56 | D:1      | Killed from afar by a dart slug

Illustrated notes

Levels and vault maps discovered:
D:1:      lemuel_arrival_river_bridge, layout_basic,
          shapermc_ecumenical_altar_venn, minmay_tripent

Action                   || total
-------------------------++-------
Melee: Unarmed           ||     7
 Cast: Sting             ||     3
Armor: Robe              ||     2
Dodge: Dodged            ||     9
